 Dungeon Crawl Stone Soup version 0.30-a0-469-g84de5afbc5 (webtiles) character file.

Game seed: 14260393552640041649

23039 Monkooky the Destroyer (level 12, -5/78 (84) HPs)
             Began as a Demonspawn Monk on Dec 20, 2022.
             Was a High Priest of Lugonu.
             Blew themself up (45 damage)
             ... with an orb of destruction
             ... on level 2 of the Lair of Beasts.
             The game lasted 00:36:17 (11736 turns).

Monkooky the Destroyer (Demonspawn Monk)           Turns: 11736, Time: 00:36:18

HP:   -5/78 (84)    AC:  9    Str: 12    XL:     12   Next: 68%
MP:   3/21          EV: 17    Int: 16    God:    Lugonu [*****.]
Gold: 487           SH:  0    Dex: 16    Spells: 7/23 levels left

rFire   . . .      SeeInvis .    i - staff of conjuration
rCold   . . .      Faith    .    (no shield)
rNeg    . . .      Spirit   .    E - +0 steam dragon scales
rPois   +          Reflect  .    (helmet restricted)
rElec   .          Harm     .    I - +2 cloak {rPois}
rCorr   .          Rampage  .    (no gloves)
Will    .....                    M - +0 pair of boots
Stlth   +.........               (no amulet)
HPRegen 0.33/turn                x - ring of wizardry
MPRegen 0.34/turn                q - ring of wizardry

@: weak-willed, very slightly contaminated, drained, very slow
A: horns 2, repulsion field 2, powered by death 3, magic regeneration
a: Renounce Religion, Depart the Abyss, Banish, Corrupt, Enter the Abyss


You were on level 2 of the Lair of Beasts.
You worshipped Lugonu.
Lugonu was extremely pleased with you.
You visited 2 branches of the dungeon, and saw 12 of its levels.

You collected 487 gold pieces.

Inventory:

Hand Weapons
 o - the +6 spear "Batsus" {venom, Will++ Dex+3}
   (You found it on level 2 of the Dungeon)

   It poisons the flesh of those it strikes.
   Dex:       It affects your dexterity (+3).
   Will:      It greatly increases your willpower.
 B - a +1 halberd of distortion
Missiles
 v - 4 throwing nets
 L - 3 javelins
Armour
 E - +0 steam dragon scales (worn)
 I - a +2 cloak of poison resistance (worn)
 M - a +0 pair of boots (worn)
Magical Staves
 i - a staff of conjuration (weapon)
Jewellery
 a - a +4 ring of protection
 k - a ring of positive energy
 q - a ring of wizardry (right hand)
 x - a ring of wizardry (left hand)
 D - a +6 ring of dexterity
 H - a ring of protection from cold
 U - a ring of poison resistance
Wands
 b - a wand of paralysis (13)
 y - a wand of iceblast (4)
 P - a wand of mindburst (9)
 Q - a wand of quicksilver (5)
 S - a wand of polymorph (9)
 T - a wand of digging (6)
Scrolls
 e - 3 scrolls of fear
 g - 6 scrolls of teleportation
 h - 6 scrolls of immolation {unknown}
 l - 2 scrolls of enchant weapon
 m - 2 scrolls of fog
 p - 2 scrolls of brand weapon
 s - 2 scrolls of blinking
 u - 3 scrolls of poison {unknown}
 w - 2 scrolls of silence
 C - 2 scrolls of enchant armour {unknown}
 K - a scroll of magic mapping
Potions
 d - 3 potions of lignification {unknown}
 f - 2 potions of degeneration {unknown}
 j - a potion of cancellation {unknown}
 n - 6 potions of haste {unknown}
 r - 2 potions of resistance {unknown}
 t - 3 potions of mutation {unknown}
 z - 3 potions of attraction {unknown}
 A - a potion of brilliance
 G - a potion of berserk rage {unknown}
 J - a potion of might {unknown}
 N - a potion of flight {unknown}
 O - a potion of heal wounds {unknown}
 R - a potion of magic {unknown}


   Skills:
 - Level 4.5 Fighting
 - Level 6.9 Polearms
 - Level 4.1 Dodging
 - Level 1.7 Stealth
 - Level 4.1 Unarmed Combat
 - Level 6.0 Spellcasting
 + Level 12.9 Conjurations
 - Level 6.8 Hexes
 - Level 5.7 Necromancy
 - Level 11.1 Invocations
 - Level 3.0 Evocations


You had 7 spell levels left.
You knew the following spells:

 Your Spells              Type           Power      Damage    Failure   Level
a - Kiss of Death         Conj/Necr      100%       2d13      1%          1
b - Dispel Undead         Necr           23%        3d12      3%          4
c - Fulminant Prism       Conj/Hex       26%        3d14      1%          4
d - Orb of Destruction    Conj           31%        9d10      16%         7

Your spell library contained the following spells:

 Spells                   Type           Power      Damage    Failure   Level
 Magic Dart               Conj           100%       1d8       1%          1
 Searing Ray              Conj           100%       2d8       1%          2
 Confusing Touch          Hex            26%        N/A       1%          3
 Summon Guardian Golem    Hex/Summ       15%        N/A       3%          3
 Summon Small Mammal      Summ           16%        N/A       4%          1
 Call Canine Familiar     Summ           4%         N/A       11%         3
 Metabolic Englaciation   Hex/Ice        7%         N/A       24%         5
 Petrify                  Tmut/Erth      4%         N/A       32%         4
 Spellforged Servitor     Conj/Summ      19%        N/A       87%         7
 Statue Form              Tmut/Erth      2%         N/A       99%         6


Dungeon Overview and Level Annotations

Branches:
Dungeon (10/15)            Temple (0/1) D:5            Lair (2/5) D:10
  Swamp: Lair:2-3    Shoals: Lair:2-3     Snake: Lair:2-3    Spider: Lair:2-3
    Orc: D:9-12

Altars:
Ashenzari
Cheibriados
Kikubaaqudgha
Okawaru
Qazlal
Xom
Lugonu

Shops:
D:4 [

Annotations:
D:4 Grinder
D:6 exclusion: downstairs
D:9 exclusions: 2 downstairs and 1 more exclusion
Abyss:1 Blork the orc, Joseph


Innate Abilities, Weirdness & Mutations

You have a pair of horns on your head.
You are surrounded by a moderate repulsion field. (EV +3)
You regenerate a lot of health from kills.
You regenerate magic rapidly.


Message History

Moving in this stuff is going to be slow.
Casting: Orb of Destruction (quite dangerous; 16% risk of failure)
Confirm with . or Enter, or press ? or * to list all spells.
The spell is quite dangerous to miscast (16% risk of failure)!
Continue anyway?
Aiming: Orb of Destruction (quite dangerous; 16% risk of failure)
Press: ? - help, Shift-Dir - straight line, f/p - tyrant leech
Aim: a tyrant leech You feel a surge of power!
You hit the tyrant leech but do no damage.
You blast the tyrant leech!
You headbutt the tyrant leech, but do no damage.
The tyrant leech is moderately wounded.
The tyrant leech barely misses you.
You hit the tyrant leech.
The tyrant leech is moderately wounded.
The tyrant leech bites you!!
The tyrant leech draws strength from your injuries!
Unknown command.
Aiming: Paralyse
Press: ? - help, Shift-Dir - straight line, f/p - tyrant leech
Aim: a tyrant leech (lightly wounded, ally target, chance to affect: 38%)
Okay, then.
Okay, then.
Really read the scroll of vulnerability?
As you read the scroll of vulnerability, it crumbles to dust.
Magic quickly surges around you.
The tyrant leech bites you but does no damage.
Aiming: Paralyse
Press: ? - help, Shift-Dir - straight line, f/p - tyrant leech
Aim: a tyrant leech (lightly wounded, weak-willed, ally target, chance to affect: 56%)
The tyrant leech resists with significant effort.
Aiming: Paralyse
Press: ? - help, Shift-Dir - straight line, f/p - tyrant leech
Aim: a tyrant leech (lightly wounded, weak-willed, ally target, chance to affect: 56%)
The tyrant leech suddenly stops moving!
You enter the shallow water.
Moving in this stuff is going to be slow.
The orb of destruction hits you!!!
Ouch! That really hurt!
You die...

##..#.##### ##(...
#...#~##.# ##...
#...~~.~.## ###.
##.~~~~≈~~.## #.
#.~~≈≈≈≈~~..# ###
#~~≈≈≈≈≈~~~~####..
#.≈≈~~~.≈≈~~.....(
#.≈≈≈.>.~~~.......
#@≈≈~~~.~≈≈~...#..
#○w≈≈≈≈≈≈~~~...#..
#.☼~~≈≈°≈≈~.P.##..
##.°○°~°~~....##.#
##!..~......#####
##~###.P### #. ##
### ##. ####..
#.P...


You could see a tyrant leech (paralysed, weak-willed).

Vanquished Creatures
  Harold (D:9)
  A hydra (D:9)
  A two-headed ogre (D:9)
  A death yak (D:10)
  9 elephants (Lair:1)
  A black mamba (Lair:1)
  2 komodo dragons
  5 cane toads (Lair:1)
  2 trolls (D:9)
  A tyrant leech (Lair:2)
  A meliai (D:9)
  4 blink frogs (Lair:1)
  40 yaks
  A wraith (D:9)
  4 wyverns
  Eustachio (D:4)
  3 steam dragons
  2 basilisks (Lair:1)
  Edmund (D:6)
  Menkaure (D:6)
  A water moccasin (Lair:1)
  3 orc warriors
  An ice beast (D:6)
  A sky beast (D:7)
  3 wolves (Lair:2)
  An ogre (D:7)
  4 centaurs (D:9)
  11 bullfrogs
  A gnoll sergeant (D:7)
  2 kobold brigands
  2 scorpions (D:5)
  3 wights (D:6)
  12 killer bees
  A howler monkey (D:4)
  A jelly (D:6)
  4 hounds
  7 orc priests
  A gnoll bouda (D:9)
  2 iguanas (D:6)
  8 orc wizards
  2 hell rats (D:10)
  6 adders
  10 gnolls
  4 river rats (D:10)
  3 shadow imps
  An ufetubus (D:7)
  3 worms
  2 dart slugs
  35 orcs
  4 ball pythons
  3 endoplasms
  10 hobgoblins
  2 jackals (D:2)
  2 quokkas
  6 bats
  3 frilled lizards
  5 goblins
  8 kobolds
  8 rats
268 creatures vanquished.

Vanquished Creatures (others)
  An orc wizard (D:9)
  2 orcs
  2 bushes (Lair:1)
  72 fulminant prisms
  11 fungi
  4 plants (Lair:1)
92 creatures vanquished.

Grand Total: 360 creatures vanquished

Notes
Turn   | Place    | Note
-------+----------+-------------------------------------------
     0 | D:1      | Monkooky the Demonspawn Monk began the quest for the Orb.
     0 | D:1      | Reached XP level 1. HP: 18/18 MP: 1/1
   319 | D:1      | Gained mutation: You regenerate magic rapidly. [demonic
                  | ancestry]
   319 | D:1      | Reached XP level 2. HP: 24/24 MP: 2/2
   962 | D:1      | Gained mutation: You regenerate a little health from kills.
                  | [demonic ancestry]
   962 | D:1      | Reached XP level 3. HP: 24/29 MP: 3/3
  1613 | D:2      | Identified the +6 spear "Batsus" {venom, Will++ Dex+3}
  1752 | D:2      | Found a faded altar of an unknown god.
  1760 | D:2      | Prayed at the altar of an unknown god.
  1760 | D:2      | Became a worshipper of Lugonu the Unformed
  1760 | D:2      | Reached * piety under Lugonu
  1760 | D:2      | Reached ** piety under Lugonu
  1760 | D:2      | Reached *** piety under Lugonu
  1950 | D:3      | Reached skill level 1 in Invocations
  1988 | D:3      | Learned a level 1 spell: Kiss of Death
  2091 | D:3      | Gained mutation: You have a pair of small horns on your
                  | head. [demonic ancestry]
  2091 | D:3      | Reached XP level 4. HP: 35/35 MP: 5/5
  2401 | D:3      | Reached **** piety under Lugonu
  2668 | D:4      | Found an ancient bone altar of Kikubaaqudgha.
  2681 | D:4      | Reached XP level 5. HP: 35/41 MP: 8/8
  2811 | D:4      | Found Zaeva's Armour Shoppe.
  2830 | D:4      | Reached skill level 5 in Invocations
  2897 | D:4      | Gained mutation: You have a pair of horns on your head.
                  | [demonic ancestry]
  2897 | D:4      | Reached XP level 6. HP: 24/47 MP: 10/10
  3140 | D:4      | Noticed Eustachio
  3152 | D:4      | Killed Eustachio
  3293 | D:4      | Noticed Grinder
  3442 | D:4      | Reached skill level 1 in Necromancy
  3442 | D:4      | Gained mutation: You regenerate health from kills. [demonic
                  | ancestry]
  3442 | D:4      | Reached XP level 7. HP: 50/52 MP: 13/13
  3611 | D:5      | Entered Level 5 of the Dungeon
  3730 | D:5      | Noticed Blork the orc
  3737 | D:5      | Banished Blork the orc
  3738 | D:5      | Reached skill level 1 in Conjurations
  3914 | D:5      | Reached skill level 1 in Spellcasting
  3985 | D:5      | Reached skill level 2 in Conjurations
  4056 | D:5      | Learned a level 4 spell: Dispel Undead
  4228 | D:5      | Found a staircase to the Ecumenical Temple.
  4718 | D:6      | Noticed Menkaure
  4727 | D:6      | Killed Menkaure
  4728 | D:6      | Reached skill level 3 in Conjurations
  4877 | D:6      | Noticed Edmund
  4884 | D:6      | Reached XP level 8. HP: 43/58 MP: 5/14
  4895 | D:6      | Killed Edmund
  4913 | D:6      | Reached skill level 5 in Necromancy
  5832 | D:7      | Found a stormy altar of Qazlal.
  5860 | D:7      | Reached skill level 5 in Polearms
  5864 | D:7      | Gained mutation: You are surrounded by a mild repulsion
                  | field. (EV +2) [demonic ancestry]
  5864 | D:7      | Reached XP level 9. HP: 59/63 MP: 15/15
  5878 | D:7      | Noticed Joseph
  5887 | D:7      | Banished Joseph
  6082 | D:7      | Learned a level 4 spell: Fulminant Prism
  6232 | D:7      | Reached skill level 1 in Hexes
  6272 | D:7      | Found an iron altar of Okawaru.
  6457 | D:7      | Reached skill level 4 in Conjurations
  6622 | D:8      | Found a snail-covered altar of Cheibriados.
  6625 | D:8      | Found a broken altar of Ashenzari.
  6755 | D:8      | Found a shimmering altar of Xom.
  6836 | D:8      | Reached skill level 5 in Conjurations
  6931 | D:8      | Reached skill level 6 in Conjurations
  6934 | D:8      | Reached XP level 10. HP: 57/70 MP: 6/16
  7245 | D:9      | Noticed Harold
  7266 | D:9      | Killed Harold
  7267 | D:9      | Reached skill level 7 in Conjurations
  7338 | D:9      | Noticed a two-headed ogre
  7346 | D:9      | Killed a two-headed ogre
  7347 | D:9      | Reached skill level 5 in Hexes
  7375 | D:9      | Noticed a four-headed hydra
  7404 | D:9      | Reached skill level 8 in Conjurations
  7448 | D:9      | Killed a four-headed hydra
  7630 | D:9      | Identified the +0 leather armour "Moetocw" {Regen+}
  7666 | D:9      | Identified the +0 leather armour "Qyohae" {rN++ Int+4}
  7668 | D:9      | Reached ***** piety under Lugonu
  7700 | D:9      | Noticed a two-headed ogre
  7706 | D:9      | Banished a two-headed ogre
  7707 | D:9      | Gained mutation: You are surrounded by a moderate repulsion
                  | field. (EV +3) [demonic ancestry]
  7707 | D:9      | Reached XP level 11. HP: 14/75 MP: 1/17
  7718 | D:9      | Noticed a centaur warrior
  7735 | D:9      | Banished a centaur warrior
  7736 | D:9      | Reached skill level 5 in Spellcasting
  7950 | D:9      | Learned a level 7 spell: Orb of Destruction
  8062 | D:9      | Noticed a tengu warrior
  8205 | D:9      | Banished a tengu warrior
  8206 | D:9      | Reached skill level 9 in Conjurations
  8559 | D:9      | Reached skill level 10 in Conjurations
  8804 | D:10     | Entered Level 10 of the Dungeon
  8824 | D:10     | Noticed a death yak
  8824 | D:10     | Noticed a death yak
  8825 | D:10     | Noticed a death yak
  9070 | D:10     | Reached skill level 11 in Conjurations
  9121 | D:10     | Found a staircase to the Lair.
  9151 | D:10     | Killed a death yak
  9275 | Lair:1   | Entered Level 1 of the Lair of Beasts
  9333 | Lair:1   | Reached skill level 12 in Conjurations
  9706 | Lair:1   | Gained mutation: You regenerate a lot of health from kills.
                  | [demonic ancestry]
  9706 | Lair:1   | Reached XP level 12. HP: 40/81 MP: 18/21
  9963 | Lair:1   | Reached skill level 1 in Evocations
 10580 | Lair:1   | Reached skill level 10 in Invocations
 11736 | Lair:2   | Blew themself up

Illustrated notes

Levels and vault maps discovered:
D:1:      evilmike_arrival_rings, layout_loops_corners, minmay_tripent
D:2:      layout_basic, ebering_ecumenical_altar_abandoned
D:3:      layout_basic
D:4:      layout_basic, mainiacjoe_overflow_cross_hatched, serial_shops,
          shop_statue, uniq_grinder, uniq_eustachio
D:5:      layout_basic, minmay_temple_entry_proselytizer, uniq_blork_the_orc
D:6:      layout_loops_ring, uniq_menkaure, uniq_edmund
D:7:      layout_cave_pools, mainiacjoe_overflow_catwalk, dk_vineyard_3,
          david_defended_altar_orc, uniq_joseph
D:8:      layout_loops_ring, xom_teletrap_fun, grunt_temple_overflow_open,
          st_stairs_10
D:9:      minmay_the_grid_octo_triangle [minmay_the_grid_octo_vomiting_pacman,
          minmay_the_grid_octo_prize_ultimate_mussel_roller,
          minmay_the_grid_octo_toaster], layout_gridville, serial_park_tiny_2,
          minmay_misc_feat_tiny, uniq_harold
D:10:     layout_basic, lemuel_crystal_altar, grunt_dithmenos_shadows,
          dpeg_lair_monsters, serial_shops, nicolae_shop_overgrown_old_shop,
          uniq_fannar
Lair:1:   layout_roguey, grunt_megastairs_1
Lair:2:   layout_cave_shapes, minmay_swamp_entry_worms,
          infiniplex_staircase_pool_2

Skill      XL: |  1  2  3  4  5  6  7  8  9 10 11 12 |
---------------+-------------------------------------+-----
Unarmed Combat | 3 4 |  4.1
Invocations    | 2 4 6 8 11 | 11.1
Necromancy     | 1 4 5 |  5.7
Conjurations   | 3 6 8 12 | 12.9
Spellcasting   | 1 4 6 |  6.0
Polearms       | 5 6 |  6.9
Hexes          | 3 6 |  6.8
Evocations     | 3 |  3.0
Dodging        | 4 |  4.1
Fighting       | 4 |  4.5
Stealth        | |  1.7

Action                   |  1- 3 |  4- 6 |  7- 9 | 10-12 || total
-------------------------+-------+-------+-------+-------++-------
Melee: Unarmed           |   124 |       |       |       ||   124
       Punch             |     4 |     1 |     3 |    10 ||    18
       Spear             |    14 |    88 |   237 |   275 ||   614
       Headbutt          |       |     9 |    43 |    82 ||   134
       Staff             |       |       |       |   102 ||   102
Throw: Throwing net      |       |     1 |       |       ||     1
 Cast: Dispel Undead     |       |       |     3 |     2 ||     5
       Fulminant Prism   |       |       |     9 |    63 ||    72
       Orb of Destructio |       |       |       |    18 ||    18
       Kiss of Death     |       |       |       |     3 ||     3
Invok: Banish            |       |       |     3 |     7 ||    10
Evoke: Wand              |       |       |     1 |     2 ||     3
  Use: Potion            |     1 |     2 |       |     2 ||     5
       Scroll            |       |       |     4 |     7 ||    11
 Stab: Sleeping          |     7 |     5 |     3 |     4 ||    19
       Distracted        |       |       |     1 |     2 ||     3
Armor: Robe              |    20 |     3 |     1 |       ||    24
       Steam dragon scal |       |       |    22 |   111 ||   133
Dodge: Dodged            |    95 |    29 |    93 |   300 ||   517

Table legend: (Time is in decaauts)
 A = Elapsed time spent in this place.
 B = Non-inter-level travel time spent in this place.
 C = Inter-level travel time spent in this place.
 D = Time resting spent in this place.
 E = Time spent auto-exploring this place.
 F = Levels seen in this place.
 G = Mean time per level.
                   A        B        C        D        E       F      G
               +--------+--------+--------+--------+--------+-----+--------+
         Total |  11650 |  11250 |    400 |   1660 |   7438 |  12 |  970.8 |
       Dungeon |   9210 |   8840 |    370 |   1016 |   6169 |  10 |  921.0 |
          Lair |   2440 |   2410 |     30 |    644 |   1268 |   2 | 1220.0 |
               +--------+--------+--------+--------+--------+-----+--------+

Top non-repeatable levels by time:
  Lair:1: 2174 daAuts
     D:9: 1786 daAuts
     D:6: 1254 daAuts
     D:5: 1097 daAuts
     D:1: 1016 daAuts
     D:4: 968 daAuts
     D:2: 909 daAuts
     D:8: 716 daAuts
     D:3: 715 daAuts
     D:7: 531 daAuts
  Lair:2: 265 daAuts
    D:10: 212 daAuts
